 Dungeon Crawl Stone Soup version 0.27-a0-1186-g8b4daa1eef (webtiles) character file.

Game seed: 7276641000965265737

307 voltaire321 the Chopper (level 6, -2/52 HPs)
             Began as a Hill Orc Gladiator on May 19, 2021.
             Slain by an orc
             ... wielding a +0 trident
              (6 damage)
             ... on level 4 of the Dungeon.
             The game lasted 00:06:05 (2646 turns).

voltaire321 the Chopper (Hill Orc Gladiator)        Turns: 2646, Time: 00:06:05

Health: -2/52      AC: 11    Str: 22    XL:     6   Next: 40%
Magic:  6/6        EV:  9    Int:  8    God:
Gold:   117        SH:  0    Dex: 12    Spells: 5/5 levels left

rFire    + . .     SeeInvis .   a - +0 war axe
rCold    + . .     Faith    .   (no shield)
rNeg     . . .     Spirit   .   j - +0 chain mail
rPois    .         Reflect  .   c - +0 helmet
rElec    .         Harm     .   (no cloak)
rCorr    .         Rampage  .   l - +0 pair of gloves {Str+3}
Will     .....                  (no boots)
Stlth    ..........             (no amulet)
HPRegen  0.17/turn              h - ring of protection from cold
MPRegen  0.10/turn              k - ring of protection from fire

@: no status effects
A: no striking features
a: no special abilities


You were on level 4 of the Dungeon.
You visited 1 branch of the dungeon, and saw 4 of its levels.

You collected 117 gold pieces.

Inventory:

Hand Weapons
 a - a +0 war axe (weapon)
Missiles
 d - 3 throwing nets (quivered)
 e - 6 javelins
 g - 5 boomerangs
Armour
 c - a +0 helmet (worn)
 j - a +0 chain mail (worn)
 l - a +0 pair of gloves of strength (worn)
Jewellery
 h - a ring of protection from cold (left hand)
 k - a ring of protection from fire (right hand)
Potions
 b - 4 potions of curing
 f - a potion of berserk rage {unknown}
 m - a potion of magic {unknown}
 n - 2 potions of flight


   Skills:
 + Level 4.1 Fighting
 + Level 5.4 Axes
 + Level 3.1 Throwing
 + Level 2.6 Armour
 + Level 3.3 Dodging


You had 5 spell levels left.
You didn't know any spells.
Your spell library was empty.

Dungeon Overview and Level Annotations

Branches:
Dungeon (4/15)
 Temple: D:4-7

Altars:


Message History

You are confused.
You miss the orc wizard. The orc barely misses you.
The orc wizard hits you with a +0 dagger.
You hear the slow hiss of a very distant avalanche of sand.
You completely miss the orc wizard.
The orc wizard hits you but does no damage.
The orc barely misses you.
Your chain mail prevents you from hitting the orc wizard.
You feel less confused. The orc wizard closely misses you.
The orc hits you but does no damage.
You miss the orc wizard.
The orc wizard gestures at you while chanting.
The magic dart hits you. The orc barely misses you.
The orc wizard points at you and mumbles some strange words.
You are confused.
You miss the orc wizard.
The orc hits you from afar with a +0 trident.
The orc wizard points at you and mumbles some strange words.
The magic dart hits you!
* * * LOW HITPOINT WARNING * * *
The orc completely misses you.
You slash the orc wizard!
The orc wizard is almost dead.
The orc wizard hits you but does no damage.
The orc hits you from afar with a +0 trident.
* * * LOW HITPOINT WARNING * * *
You hit the orc wizard.
You kill the orc wizard!
The orc hits you but does no damage. The orc hits you but does no damage.
Things that are here:
a +0 dagger; a +0 robe You bump into the rock wall.
The orc barely misses you.
You bump into the rock wall.
The orc hits you with a +0 trident.
* * * LOW HITPOINT WARNING * * *
You feel less confused. The orc hits you but does no damage.
You see here 20 arrows.
The orc hits you with a +0 trident.
You die...

..# ... #.#
#.# #.# .
#)# .. #.#
... #o#
.... #@#
.....##(##
#........#
.#######..#
..........#
.###....#.#
...
..........#
...
####....###
...
.........#


You could see an orc.

Vanquished Creatures
  An ice beast (D:3)
  An ogre (D:4)
  An orc wizard (D:4)
  2 adders
  An ufetubus (D:3)
  A worm (D:3)
  5 endoplasms
  9 goblins
  6 hobgoblins
  12 jackals
  5 quokkas
  7 ball pythons
  9 bats
  A frilled lizard (D:3)
  4 kobolds
  19 rats
84 creatures vanquished.

Notes
Turn   | Place    | Note
-------+----------+-------------------------------------------
     0 | D:1      | voltaire321 the Hill Orc Gladiator began the quest for the
                  | Orb.
     0 | D:1      | Reached XP level 1. HP: 18/18 MP: 1/1
   195 | D:1      | Reached XP level 2. HP: 25/25 MP: 2/2
   387 | D:1      | Found a faded altar of an unknown god.
   855 | D:2      | Reached skill level 1 in Armour
   875 | D:2      | Reached XP level 3. HP: 29/30 MP: 3/3
  1714 | D:3      | Reached XP level 4. HP: 16/38 MP: 4/4
  1958 | D:3      | Noticed an ice beast
  1971 | D:3      | Killed an ice beast
  1972 | D:3      | Reached skill level 5 in Axes
  1972 | D:3      | Reached XP level 5. HP: 36/45 MP: 5/5
  2586 | D:4      | Noticed an ogre
  2592 | D:4      | Killed an ogre
  2593 | D:4      | Reached XP level 6. HP: 20/52 MP: 6/6
  2646 | D:4      | Slain by an orc

Illustrated notes

Levels and vault maps discovered:
D:1:      minmay_arrival_four_circles, layout_loops_cross,
          hellmonk_ecumenical_altar_blasted, wad_floor_pattern_untrapped
D:2:      layout_basic
D:3:      layout_loops_ring, minmay_rat_hole
D:4:      layout_basic, fedhas_altar_4, enter_ossuary_1

Skill      XL: |  1  2  3  4  5 |
---------------+----------------+-----
Throwing       | 2 3 |  3.1
Armour         | 1 2 |  2.6
Fighting       | 3 4 |  4.1
Axes           | 5 |  5.4
Dodging        | 3 |  3.3

Action                   |  1- 3 |  4- 6 || total
-------------------------+-------+-------++-------
Melee: War axe           |   112 |   101 ||   213
  Use: Scroll            |     3 |     3 ||     6
       Potion            |       |     1 ||     1
Armor: Ring mail         |    23 |       ||    23
       Leather armour    |     2 |       ||     2
       Chain mail        |    56 |    61 ||   117
Dodge: Dodged            |   103 |    51 ||   154

Table legend: (Time is in decaauts)
 A = Elapsed time spent in this place.
 B = Non-inter-level travel time spent in this place.
 C = Inter-level travel time spent in this place.
 D = Time resting spent in this place.
 E = Time spent auto-exploring this place.
 F = Levels seen in this place.
 G = Mean time per level.
                   A        B        C        D        E       F      G
               +--------+--------+--------+--------+--------+-----+--------+
         Total |   2702 |   2579 |    123 |     47 |   1917 |   4 |  675.5 |
       Dungeon |   2702 |   2579 |    123 |     47 |   1917 |   4 |  675.5 |
               +--------+--------+--------+--------+--------+-----+--------+

Top non-repeatable levels by time:
     D:3: 988 daAuts
     D:1: 846 daAuts
     D:2: 801 daAuts
     D:4: 66 daAuts
